Map: Tempestad

Players

MrFercho - Winner!

  • Race: Zerg Zerg
  • League: Silver
  • Spawn Location: 5:00

TATORREA

  • Race: Protoss Protoss
  • League: Silver
  • Spawn Location: 1:00

tigro

  • Race: Terran Terran
  • Spawn Location: 6:00

VOD

Have the link to the VOD?

Description

Time

  • Played on: May 7, 2020, 10:18 p.m.
  • Length: 47:49
Show
View Real Time Build Order
Export as new Build Order

MrFercho Zerg - Winner!

Build Orders: Pool First 

Get SALT Encoding   

  12  0:04  Drone  
  13  0:15  Drone  
  13  0:19  Overlord  
  14  0:42  Drone x3  
  17  1:04  Drone x2  
  19  1:15  Extractor  
  18  1:21  Extractor  
  18  1:22  Spawning Pool  
  18  1:24  Drone  
  17  1:41  Hatchery  
  17  1:45  Drone  
  17  1:46  Drone  
  18  1:51  Drone  
  19  1:57  Extractor  
  18  2:02  Drone  
  19  2:08  Queen  
  19  2:13  Drone  
  22  2:23  Overlord  
  22  2:52  Lair  
  22  2:59  Hatchery  
  22  3:00  Queen  
  22  3:01  Drone  
  24  3:08  Metabolic Boost  
  25  3:12  Zergling x2  
  25  3:13  Zergling x2  
  26  3:23  Drone x2  
  28  3:35  Drone  
  28  3:36  Drone  
  28  3:37  Drone x2  
  28  3:39  Drone x2  
  34  3:46  Drone  
  35  3:51  Overseer  
  35  4:01  Spore Crawler  
  34  4:04  Spore Crawler  
  34  4:09  Drone x2  
  35  4:13  Overlord  
  35  4:15  Drone x5  
  40  4:19  Drone  
  41  4:24  Extractor  
  40  4:49  Spire  
  39  4:59  Drone x2  
  42  5:00  Drone  
  42  5:01  Queen  
  42  5:03  Drone x3  
  42  5:06  Extractor  
  46  5:11  Drone x4  
  46  5:13  Overlord  
  46  5:14  Overlord  
  49  5:55  Zergling x2  
  49  5:56  Zergling x4  
  51  5:59  Queen  
  53  6:08  Spine Crawler  
  47  6:14  Spine Crawler  
  46  6:39  Hatchery  
  45  6:47  Hatchery  
  45  6:51  Hatchery  
  43  6:58  Spine Crawler  
  42  7:03  Hatchery  
  41  7:09  Hatchery  
  35  7:26  Mutalisk x2  
  35  7:27  Mutalisk x5  
  47  7:49  Zerg Flyer Armor Level 1  
  47  7:57  Queen  
  49  8:02  Drone  
  50  8:09  Drone x6  
  56  8:56  Infestation Pit  
  56  8:59  Drone  
  56  9:00  Drone x2  
  58  9:06  Drone x12  
  70  9:13  Drone  
  70  9:14  Drone x2  
  73  9:28  Extractor  
  73  9:30  Extractor  
  71  9:35  Hive  
  71  9:40  Lair  
  71  9:41  Hatchery  
  70  9:54  Drone x8  
  70  9:55  Overlord  
  70  9:56  Overlord x3  
  78  10:10  Burrow  
  78  10:11  Pneumatized Carapace  
  78  10:21  Overlord x2  
  78  10:41  Queen  
  80  10:48  Zerg Flyer Weapons Level 1  
  80  11:06  Drone x6  
  86  11:14  Adrenal Glands  
  86  11:23  Mutalisk x6  
  86  11:24  Mutalisk x9  
  116  11:33  Mutalisk  
  116  11:34  Mutalisk x5  
  126  12:42  Zerg Flyer Armor Level 2  
  122  13:49  Hive  
  117  14:26  Mutalisk x5  
  117  14:27  Mutalisk x5  
  117  14:29  Overlord x2  
  87  16:24  Spire  
  72  16:29  Spire  
  39  17:29  Overseer  
  39  17:47  Hatchery  
  39  17:51  Hatchery x3  
  35  17:56  Hatchery  
  32  18:15  Spawning Pool  
  32  18:16  Mutalisk x4  
  32  18:17  Mutalisk x5  
  44  19:05  Drone x3  
  44  19:07  Drone x6  
  47  19:14  Hatchery  
  46  19:50  Extractor  
  46  19:51  Extractor  
  26  20:43  Mutalisk x8  
  26  20:44  Mutalisk x2  
  26  20:47  Zergling x10  
  26  20:48  Zergling x12  
  57  20:53  Drone x3  
  60  21:28  Extractor  
  59  21:33  Overseer  
  59  21:38  Drone x10  
  59  21:39  Drone x11  
  80  21:52  Nydus Network  
  79  22:29  Overseer  
  79  23:11  Mutalisk x7  
  79  23:12  Mutalisk x2  
  97  23:39  Overlord x3  
  59  24:24  Hydralisk Den  
  58  24:52  Hydralisk  
  58  24:53  Hydralisk x10  
  58  24:54  Hydralisk x10  
  100  25:10  Roach Warren  
  99  25:20  Extractor, Hatchery  
  97  25:45  Lurker Den  
  96  25:52  Queen, Ultralisk Cavern  
  97  26:01  Grooved Spines  
  97  26:13  Greater Spire  
  97  26:28  Queen  
  97  26:29  Queen  
  97  26:32  Overlord x2  
  101  26:33  Drone  
  101  26:34  Drone x18  
  101  26:37  Drone  
  121  26:48  Lurker  
  121  26:49  Lurker x4  
  126  27:09  Evolution Chamber  
  126  27:12  Muscular Augments  
  126  27:13  Evolution Chamber  
  126  27:14  Chitinous Plating  
  124  27:25  Extractor  
  123  27:55  Zerg Flyer Weapons Level 2  
  123  28:09  Drone x3  
  126  28:16  Ultralisk  
  132  28:23  Corruptor x2  
  131  28:32  Anabolic Synthesis  
  80  29:14  Corruptor x2  
  80  29:15  Corruptor x4  
  90  29:37  Spire  
  89  29:48  Lair  
  89  29:51  Lair  
  89  30:01  Mutalisk  
  85  31:01  Corruptor x8  
  85  31:03  Infestation Pit  
  92  31:31  Corruptor  
  92  31:32  Corruptor x3  
  92  31:49  Corruptor  
  92  31:50  Corruptor  
  90  32:16  Hive  
  90  32:27  Drone x6  
  88  32:54  Hatchery x2  
  86  32:59  Hatchery x2  
  86  33:01  Hatchery  
  86  33:03  Hatchery  
  86  33:04  Ultralisk x3, Hatchery  
  99  33:30  Greater Spire  
  99  33:37  Neural Parasite  
  99  33:48  Ultralisk x3  
  87  34:55  Corruptor  
  87  34:56  Corruptor x8  
  105  35:18  Hive  
  105  35:35  Hatchery  
  104  35:37  Extractor  
  104  35:38  Extractor  
  102  35:43  Ultralisk  
  102  36:05  Hatchery  
  101  36:13  Hatchery  
  101  36:14  Extractor  
  101  36:16  Extractor  
  89  36:30  Extractor  
  86  36:49  Brood Lord  
  86  36:50  Brood Lord  
  86  36:51  Brood Lord  
  92  36:57  Drone  
  93  37:11  Drone x2  
  95  37:29  Drone  
  96  37:36  Drone x2  
  96  37:37  Drone  
  99  38:08  Corruptor  
  99  38:09  Corruptor x9  
  119  38:39  Corruptor  
  119  38:40  Corruptor x5  
  131  38:51  Drone  
  132  39:17  Hatchery  
  131  39:30  Adaptive Talons  
  131  39:32  Ultralisk  
  131  39:49  Hydralisk Den  
  130  39:56  Brood Lord  
  130  39:57  Brood Lord x6  
  144  40:28  Seismic Spines  
  137  42:39  Corruptor  
  137  42:40  Corruptor x14  
  137  42:41  Corruptor x9  
  185  43:18  Ultralisk  
  179  44:56  Brood Lord x6  
  179  44:59  Corruptor x2  
  193  45:00  Corruptor x2  
Show
View Real Time Build Order
Export as new Build Order

TATORREA Protoss 

Build Orders:  

Get SALT Encoding   

  12  0:01  Probe  
  13  0:18  Probe  
  14  0:28  Pylon  
  14  0:32  Probe  
  15  0:46  Probe  
  16  0:57  Gateway  
  16  1:00  Gateway  
  16  1:01  Probe  
  17  1:12  Assimilator  
  17  1:13  Probe  
  18  1:27  Probe  
  19  1:39  Probe  
  20  1:52  Cybernetics Core  
  21  1:54  Probe  
  21  1:57  Assimilator  
  21  2:05  Zealot  
  21  2:06  Probe  
  23  2:26  Gateway  
  23  2:41  Warp Gate  
  23  2:43  Pylon  
  23  2:50  Pylon  
  23  2:54  Pylon  
  23  3:01  Probe (Chrono Boost), Zealot  
  23  3:05  Stalker  
  28  3:11  Probe (Chrono Boost)  
  29  3:15  Stalker  
  31  3:28  Stalker  
  31  3:33  Forge  
  33  3:38  Probe  
  34  3:49  Stargate  
  34  3:56  Probe  
  35  4:05  Assimilator  
  35  4:06  Protoss Ground Weapons Level 1  
  35  4:07  Assimilator  
  35  4:08  Probe  
  36  4:20  Probe  
  37  4:24  Robotics Facility  
  37  4:32  Probe  
  38  4:44  Probe  
  39  4:56  Probe  
  40  5:03  Pylon  
  40  5:06  Oracle  
  40  5:07  Pylon  
  43  5:10  Pylon  
  43  5:15  Pylon  
  43  5:19  Pylon  
  43  5:20  Twilight Council  
  43  5:26  Pylon  
  43  6:20  Protoss Ground Weapons Level 2  
  43  6:25  Observer  
  44  6:34  Robotics Bay  
  44  6:44  Stalker x2  
  44  6:45  Stalker  
  50  6:50  Nexus  
  34  8:30  Stalker  
  34  8:31  Stalker x2  
  40  8:37  Probe  
  41  8:41  Probe  
  41  8:46  Void Ray  
  46  8:48  Colossus  
  46  8:49  Probe  
  46  8:50  Extended Thermal Lance  
  46  8:54  Protoss Ground Armor Level 1, Probe  
  54  8:56  Charge  
  54  9:01  Probe  
  55  9:06  Protoss Air Weapons Level 1, Probe  
  56  9:13  Probe  
  57  9:17  Gateway  
  57  9:18  Gateway, Probe  
  57  9:21  Gateway  
  58  9:25  Probe  
  58  9:30  Probe  
  60  9:43  Probe  
  61  9:46  Nexus  
  61  9:48  Probe  
  62  9:55  Probe  
  63  10:00  Probe  
  64  10:07  Probe  
  64  10:11  Void Ray  
  64  10:13  Probe  
  70  10:19  Probe  
  70  10:20  Colossus  
  77  10:25  Assimilator, Probe  
  77  10:27  Assimilator  
  78  10:31  Probe  
  79  10:37  Probe  
  80  10:43  Probe  
  80  10:49  Probe  
  82  10:55  Probe  
  83  11:01  Probe  
  83  11:02  Fleet Beacon  
  84  11:08  Probe  
  85  11:13  Probe  
  86  11:25  Void Ray  
  90  11:27  Immortal  
  94  11:33  Stalker  
  94  11:34  Stalker x2  
  94  11:35  Stalker x2  
  94  11:36  Stalker  
  56  13:06  Stalker  
  56  13:07  Stalker x2  
  57  13:15  Stalker x2  
  57  13:16  Stalker  
  34  13:58  Cybernetics Core  
Show
View Real Time Build Order
Export as new Build Order

tigro Terran 

Build Orders:  

Get SALT Encoding   

  12  0:03  SCV  
  13  0:15  SCV  
  13  0:21  Supply Depot  
  14  0:27  SCV  
  15  0:33  Refinery  
  15  0:44  SCV  
  16  1:24  Barracks  
  16  1:26  SCV  
  17  1:35  Refinery  
  17  1:38  SCV  
  18  1:42  Supply Depot  
  18  1:50  SCV  
  19  2:03  SCV  
  20  2:14  Marine  
  20  2:15  SCV  
  22  2:24  Barracks  
  22  2:31  Marine  
  22  2:34  Engineering Bay  
  23  2:37  SCV  
  24  2:49  Marine, SCV  
  26  3:01  SCV  
  27  3:07  Marine  
  28  3:16  Barracks Tech Lab  
  28  3:25  Marine  
  29  3:38  Orbital Command  
  29  3:58  Barracks Tech Lab  
  29  3:59  Combat Shield  
  29  4:02  Marauder  
  31  4:04  Command Center  
  31  4:20  Terran Infantry Weapons Level 1  
  31  4:24  Factory  
  31  4:30  Marine  
  31  4:31  Marauder  
  34  4:52  Marauder  
  36  5:02  Missile Turret  
  36  5:13  Marauder  
  38  5:19  Planetary Fortress  
  38  5:26  Missile Turret  
  38  5:28  Factory Tech Lab  
  38  5:35  Marauder  
  40  5:49  Missile Turret  
  40  5:51  Armory  
  40  6:01  Stimpack  
  40  6:03  Concussive Shells  
  40  6:09  Missile Turret  
  40  6:15  Terran Infantry Armor Level 1  
  40  6:39  Starport  
  40  6:49  Missile Turret  
  40  7:11  Missile Turret  
  40  7:13  Siege Tank  
  43  7:17  Command Center  
  43  7:22  Supply Depot  
  43  7:33  Missile Turret  
  37  8:09  Hi-Sec Auto Tracking, Refinery  
  37  8:26  Viking  
  39  8:29  Marine  
  39  8:31  Marine, Refinery  
  41  8:47  Marine  
  42  8:49  Marine  
  43  9:02  Missile Turret  
  43  9:03  Medivac  
  43  9:04  Marine  
  43  9:06  Neosteel Armor  
  43  9:07  Marine  
  47  9:18  Planetary Fortress  
  47  9:22  Marine  
  48  9:24  Missile Turret  
  48  9:25  Marine  
  49  9:40  Marine  
  49  9:43  Marine  
  51  9:48  Missile Turret  
  51  10:11  Missile Turret  
  51  10:16  Starport Tech Lab  
  51  10:47  Fusion Core  
  51  10:50  Banshee  
  54  11:26  Thor  
  54  11:32  Terran Infantry Weapons Level 2  
  60  11:33  Viking  
  60  11:35  Terran Vehicle Weapons Level 1  
  62  11:41  SCV  
  63  11:53  SCV  
  64  11:54  Marine  
  64  12:00  Marine  
  66  12:05  SCV  
  67  12:09  Thor  
  67  12:12  Marine  
  65  12:18  Marine  
  51  12:58  SCV  
  52  13:09  Weapon Refit  
  52  13:11  SCV  
  53  13:15  Battlecruiser  
  59  13:23  SCV  
  60  13:29  Terran Vehicle And Ship Armor Level 1  
  60  13:35  SCV  
  61  13:47  SCV  
  61  13:48  Terran Infantry Armor Level 2  
  62  14:09  Starport  
  62  14:17  Marine  
  63  14:24  Battlecruiser  
  69  14:35  Marine  
  70  14:53  Marine  
  71  15:10  Marine  
  72  15:23  Terran Vehicle Weapons Level 2  
  72  15:28  Marine  
  53  15:57  Starport Tech Lab  
  53  15:59  Starport Tech Lab  
  44  16:04  Marine  
  44  16:08  Marine  
  46  16:22  Marine  
  42  16:26  Marine  
  42  16:40  Marine  
  42  16:43  Marine  
  44  16:58  Marine  
  44  17:00  Missile Turret  
  45  17:01  Marine  
  43  17:16  Marine  
  43  17:19  Marine  
  45  17:27  Starport Tech Lab  
  45  17:41  Starport Tech Lab  
  45  17:43  Starport  
  45  18:10  Missile Turret  
  45  18:14  Barracks Tech Lab  
  45  18:16  Barracks Tech Lab  
  45  18:21  Factory Tech Lab  
  45  18:45  Missile Turret  
  45  18:54  Missile Turret  
  45  19:13  Fusion Core  
  45  19:18  Missile Turret  
  45  19:23  Command Center  
  45  19:24  Starport Tech Lab  
  45  19:38  Missile Turret  
  45  19:51  Missile Turret  
  45  20:13  Missile Turret  
  43  20:33  Missile Turret  
  43  21:01  Missile Turret  
  43  21:07  Refinery  
  43  21:14  Refinery  
  43  21:16  Planetary Fortress  
  43  21:37  Thor  
  43  21:38  Missile Turret  
  49  21:41  Battlecruiser  
  55  22:24  Missile Turret  
  55  22:38  Battlecruiser  
  61  22:45  Raven  
  63  23:01  Missile Turret  
  63  23:24  SCV  
  64  23:27  Missile Turret  
  64  23:36  SCV  
  64  23:40  Battlecruiser  
  71  23:43  Battlecruiser  
  71  23:48  SCV  
  78  23:49  Missile Turret  
  78  24:00  SCV  
  77  24:12  SCV  
  78  24:32  Siege Tank  
  78  24:34  Missile Turret  
  81  24:56  Missile Turret  
  81  25:04  Siege Tank  
  90  25:07  Battlecruiser  
  90  25:10  Battlecruiser  
  96  25:24  Marine  
  97  25:29  Missile Turret  
  97  25:36  Siege Tank  
  97  25:41  Marine  
  101  25:50  Missile Turret  
  101  25:59  Marine  
  102  26:17  Marine  
  103  26:35  Marine  
  104  28:00  Supply Depot  
  104  28:22  Battlecruiser x2  
  104  28:23  Supply Depot  
  85  29:26  Battlecruiser x2  
  97  30:31  Battlecruiser x2  
  91  31:35  Battlecruiser x2  
  49  32:39  Battlecruiser x2  
  61  33:09  Command Center  
  61  33:14  Marine  
  61  33:17  Marine, Refinery  
  63  33:32  Marine  
  64  33:35  Marine  
  65  33:43  Battlecruiser x2  
  65  33:48  Refinery  
  77  33:50  Marine  
  77  33:53  Marine  
  79  34:03  Infernal Pre-Igniter  
  79  34:07  Rapid Reignition System  
  79  34:08  Marine  
  80  34:10  Marine  
  79  34:25  Marine  
  79  34:28  Marine  
  81  34:43  Marine  
  82  34:46  Marine  
  83  34:59  Raven, Missile Turret  
  85  35:22  Mag-Field Accelerator  
  85  35:43  Battlecruiser  
  85  35:46  Battlecruiser  
  49  36:57  Battlecruiser  
  55  37:02  Drilling Claws  
  55  37:07  Battlecruiser  
  61  37:21  Missile Turret  
  61  37:27  Marine  
  61  37:29  Marine  
  63  37:43  Missile Turret  
  63  37:44  Marine  
  63  37:47  Marine  
  65  38:02  Marine, Battlecruiser  
  65  38:05  Marine  
  73  38:11  Raven  
  75  38:16  Missile Turret  
  75  38:20  Smart Servos, Marine  
  75  38:22  Marine  
  77  38:38  Marine  
  77  38:40  Marine  
  79  38:55  Battlecruiser  
  85  38:56  Marine  
  85  38:58  Marine  
  87  39:06  Medivac  
  89  39:13  Marine  
  89  39:16  Marine  
  91  39:31  Marine  
  91  39:34  Marine  
  93  39:41  Command Center  
  93  39:45  Battlecruiser  
  99  39:49  Marine  
  99  39:52  Marine  
  101  39:59  Battlecruiser  
  63  40:49  Battlecruiser  
  55  41:10  Raven  
  48  41:52  Marine  
  48  41:54  Marine, Battlecruiser  
  50  42:03  Planetary Fortress  
  50  42:09  Marine  
  50  42:12  Marine, Missile Turret  
  52  42:27  Marine  
  53  42:30  Marine  
  53  42:32  Battlecruiser, Missile Turret  
  60  42:45  Marine  
  60  42:47  Marine  
  61  42:57  Raven  
  61  43:03  Marine  
  61  43:05  Marine  
  54  43:19  Factory Tech Lab  
  51  43:21  Marine  
  51  43:23  Marine  
  45  43:36  Factory Tech Lab  
  45  43:38  Marine  
  45  43:41  Marine  
  47  43:50  Planetary Fortress  
  47  43:56  Marine  
  47  43:59  Marine  
  44  44:14  Marine  
  44  44:16  Marine  
  34  44:32  Marine  
  34  44:34  Marine  
  36  44:50  Marine  
  36  44:52  Marine  
  35  44:58  Viking  
  26  45:01  Viking  
  24  45:07  Marine  
  24  45:10  Marine  
  26  45:25  Marine  
  26  45:28  Marine, Banshee  
  31  45:30  Banshee  
  33  45:43  Marine  
  33  45:46  Marine  
  10  46:13  Viking  
Tags
 
Add a new tag
Caveats
  • Supply blocks, unpowered buildings, or Contaminate may cause inaccurate times.
  • Supply counts are checked every 10 seconds.